 Dungeon Crawl Stone Soup version 0.30-a0-696-g2367cd04db (webtiles) character file.

Game seed: 12521931843094187172

82 greenreed the Ruffian (level 4, -11/45 HPs)
             Began as a Troll Monk on Jan 20, 2023.
             Engulfed by a cloud of flame (19 damage)
             ... on level 2 of the Dungeon.
             The game lasted 00:03:47 (1382 turns).

greenreed the Ruffian (Troll Monk)                  Turns: 1382, Time: 00:03:48

Health: -11/45     AC:  5    Str: 21    XL:     4   Next: 21%
Magic:  3/3        EV: 10    Int:  6    God:
Gold:   110        SH:  0    Dex: 12    Spells: 3/3 levels left

rFire   . . .      SeeInvis .      - Unarmed
rCold   . . .      Faith    .    (no shield)
rNeg    . . .      Spirit   .    a - +0 robe
rPois   .          Reflect  .    (helmet restricted)
rElec   .          Harm     .    i - +0 cloak
rCorr   .          Rampage  .    (gloves unavailable)
Will    .....                    (boots unavailable)
Stlth   ++                       d - amulet of regeneration
HPRegen 1.87/turn                (no ring)
MPRegen 0.08/turn                (no ring)

@: no status effects
A: large, unfitting armour, claws 3, regeneration 1, shaggy fur 1, tough skin 1
a: no special abilities


You were on level 2 of the Dungeon.
You visited 1 branch of the dungeon, and saw 2 of its levels.

You collected 110 gold pieces.

Inventory:

Armour
 a - a +0 robe (worn)
 i - a +0 cloak (worn)
Jewellery
 d - an amulet of regeneration (around neck)
Scrolls
 c - a scroll of teleportation {unknown}
 e - a scroll of vulnerability {unknown}
 g - 2 scrolls of identify {unknown}
 h - a scroll of magic mapping {unknown}
 k - a scroll of torment {unknown}
Potions
 b - a potion of ambrosia
 f - a potion of brilliance {unknown}
 j - 2 potions of mutation {unknown}
 l - 2 potions of berserk rage {unknown}
 m - a potion of invisibility {unknown}


   Skills:
 * Level 3.1 Fighting
 + Level 2.8 Dodging
 + Level 1.1 Stealth
 * Level 3.9 Unarmed Combat


You had 3 spell levels left.
You didn't know any spells.
Your spell library contained the following spells:

 Spells                   Type           Power      Damage    Failure   Level
 Animate Dead             Necr           0%         N/A       99%         4
 Haunt                    Necr/Summ      0%         N/A       100%        7
 Infestation              Necr           0%         N/A       100%        8


Dungeon Overview and Level Annotations

Branches:
Dungeon (2/15)

Altars:


Innate Abilities, Weirdness & Mutations

You are too large for most types of armour.
You have claws for hands.
Your natural rate of healing is unusually fast.
You are covered in fur. (AC +1)
You have tough skin. (AC +1)


Message History

You now have 98 gold pieces (gained 10).
You start resting.
HP restored.
Really walk into a travel-excluded area?
Really walk into that cloud of flame?
You are engulfed in blazing flames.
You see here a sedimented golden potion.
Really walk into a travel-excluded area? [Y]es or [N]o only, please.
Really walk into a travel-excluded area?
Okay, then.
You start resting.
HP restored.
Really walk into a travel-excluded area?
You are engulfed in blazing flames.
You see here a sedimented golden potion.
m - a sedimented golden potion You are engulfed in blazing flames.
* * * LOW HITPOINT WARNING * * *
You start resting.
HP restored.
Really walk into a travel-excluded area?
Really walk into that cloud of flame?
Okay, then.
You are engulfed in blazing flames.
Ouch! That really hurt!
You see here 12 gold pieces.
You now have 110 gold pieces (gained 12).
You are engulfed in blazing flames.
* * * LOW HITPOINT WARNING * * *
You start resting.
HP restored.
Really walk into a travel-excluded area?
You are engulfed in blazing flames.
You are engulfed in blazing flames.
You are engulfed in blazing flames.
Ouch! That really hurt!
* * * LOW HITPOINT WARNING * * *
You are engulfed in blazing flames.
You die...

#..................
########.....####..
#########..#..# #.#
#.......[.###.####.#
#######.###########...#...
#.........................
#.#####..###########......
#.# #...# ####..... #.#
#§§@# #........ #.# #§§°#
####†##..... #.# #§☼○#
#...........
#.#####...######.#..###...
#..☼§○.....☼§§.#.#### #...
#..☼°§.....§.....# #...
##.§§§.....○☼§.#.# ####
######...######.# #○§.#
#.#


There were no monsters in sight!

Vanquished Creatures
  3 gnolls
  2 adders (D:2)
  3 dart slugs (D:1)
  3 bats
  5 endoplasms
  A goblin (D:2)
  A hobgoblin (D:2)
  3 jackals (D:2)
  3 kobolds
  4 frilled lizards
  A rat (D:1)
29 creatures vanquished.

Notes
Turn   | Place    | Note
-------+----------+-------------------------------------------
     0 | D:1      | greenreed the Troll Monk began the quest for the Orb.
     0 | D:1      | Reached XP level 1. HP: 22/22 MP: 0/0
    80 | D:1      | Reached XP level 2. HP: 29/29 MP: 1/1
   872 | D:2      | Reached XP level 3. HP: 37/37 MP: 2/2
  1105 | D:2      | Reached XP level 4. HP: 45/45 MP: 3/3
  1382 | D:2      | Engulfed by a cloud of flame

Illustrated notes

Levels and vault maps discovered:
D:1:      minmay_arrival_radiant_lines, layout_basic, hex_medium,
          corner_web_ring
D:2:      layout_rooms, serial_shops, nicolae_shop_hallway_stairs,
          chequers_serial_rivers_room_a, lemuel_flame_loot_1

Skill      XL: |  1  2 |
---------------+-------+-----
Fighting       | 3 |  3.1
Dodging        | |  2.8
Stealth        | |  1.1
Unarmed Combat | |  3.9

Action                   |  1- 3 |  4- 6 || total
-------------------------+-------+-------++-------
Melee: Unarmed           |    56 |    11 ||    67
       Punch             |     2 |       ||     2
 Stab: Sleeping          |     2 |     1 ||     3
Armor: Robe              |    10 |     5 ||    15
Dodge: Dodged            |    33 |     5 ||    38

Table legend: (Time is in decaauts)
 A = Elapsed time spent in this place.
 B = Non-inter-level travel time spent in this place.
 C = Inter-level travel time spent in this place.
 D = Time resting spent in this place.
 E = Time spent auto-exploring this place.
 F = Levels seen in this place.
 G = Mean time per level.
                   A        B        C        D        E       F      G
               +--------+--------+--------+--------+--------+-----+--------+
         Total |   1378 |   1332 |     46 |     42 |    984 |   2 |  689.0 |
       Dungeon |   1378 |   1332 |     46 |     42 |    984 |   2 |  689.0 |
               +--------+--------+--------+--------+--------+-----+--------+

Top non-repeatable levels by time:
     D:1: 820 daAuts
     D:2: 557 daAuts
